 Dungeon Crawl Stone Soup version 0.19.5 (webtiles) character file.

620 Gargoyl the Skirmisher (level 7, -1/60 HPs)
             Began as a Ghoul Abyssal Knight on Apr 12, 2017.
             Was a Priest of Lugonu.
             Slain by Chifra's ghost (6 damage)
             ... on level 4 of the Dungeon.
             The game lasted 00:07:59 (3498 turns).

Gargoyl the Skirmisher (Ghoul Abyssal Knight)       Turns: 3498, Time: 00:08:00

Health: -1/60      AC:  9    Str: 16    XL:     7   Next: 46%
Magic:  0/8        EV:  9    Int:  7    God:    Lugonu [***...]
Gold:   188        SH:  3    Dex: 10    Spells: 0 memorised, 6 levels left

rFire  . . .     SeeInvis .     a - +1 hand axe
rCold  + . .     Gourm    .     i - +0 scale mail
rNeg   + + +     Faith    .     (no shield)
rPois  ∞         Spirit   .     s - +0 helmet
rElec  .         Reflect  +     (no cloak)
rCorr  .         Harm     .     (no gloves)
MR     .....                    g - +0 pair of boots
Stlth  ..........               l - +3 amulet of reflection
                                (no ring)
                                e - +2 ring of slaying

@: very slightly contaminated, rotting
A: rotting body, claws 1, carnivore 3, cold resistance 1, negative energy
resistance 3, slow regeneration 1, torment resistance, unbreathing
a: Depart the Abyss, Bend Space, Banish, Renounce Religion


You were on level 4 of the Dungeon.
You worshipped Lugonu.
Lugonu was most pleased with you.
You were not hungry.

You visited 1 branch of the dungeon, and saw 4 of its levels.
You visited the Abyss 1 time.
You also visited: Sewer.

You collected 188 gold pieces.

Inventory:

Hand Weapons
 a - a +1 hand axe (weapon)
Missiles
 t - 6 javelins (quivered)
Armour
 g - a +0 pair of boots (worn)
 i - a +0 scale mail (worn)
 s - a +0 helmet (worn)
Jewellery
 e - a +2 ring of slaying (left claw)
 l - a +3 amulet of reflection (around neck)
Wands
 q - a wand of iceblast (8/15)
Scrolls
 n - 2 scrolls of identify
 o - a scroll of amnesia
 u - a scroll of remove curse
Potions
 b - a potion of ambrosia
 h - 4 potions of brilliance
 p - a potion of invisibility
 r - a potion of mutation {unknown}
 w - 2 potions of flight {unknown}
Books
 d - a book of Maledictions

   Spells                             Type                      Level
   a - Corona                         Hexes                        1
   b - Ensorcelled Hibernation        Hexes/Ice                    2
   c - Confuse                        Hexes                        3
   d - Tukima's Dance                 Hexes                        3
   e - Dazzling Spray                 Conjuration/Hexes            3
Comestibles
 c - 3 meat rations
 j - 3 slices of pizza
 m - a royal jelly
 v - a beef jerky


   Skills:
 + Level 4.6 Fighting
 + Level 4.5 Axes
 * Level 4.2 Armour
 + Level 1.4 Dodging
 * Level 3.8 Invocations


You had 6 spell levels left.
You didn't know any spells.

Dungeon Overview and Level Annotations

Branches:
Dungeon (4/15)
 Temple: D:4-7

Altars:

Annotations:
D:4 Chifra's ghost, amateur DsFi


Innate Abilities, Weirdness & Mutations

Your body is rotting away.
You thrive on raw meat.
You are immune to poison.
You have sharp fingernails.
You are carnivorous and can eat meat at any time.
Your flesh is cold resistant. (rC+)
You are immune to negative energy. (rN+++)
You regenerate slowly when monsters are visible.
You are immune to unholy pain and torment.
You can survive without breathing.


Message History

Chifra's ghost hits you!
* * * LOW HITPOINT WARNING * * *
You hit Chifra's ghost.
Chifra's ghost is severely damaged.
Chifra's ghost hits you.
* * * LOW HITPOINT WARNING * * *
Chifra's ghost barely misses you.
You closely miss Chifra's ghost.
Chifra's ghost is severely damaged.
Chifra's ghost hits you.
* * * LOW HITPOINT WARNING * * *
Press: ? - help, Shift-Dir - straight line, f - Chifra's ghost
Aim: Chifra's ghost (severely damaged, chance to defeat MR: 73%) Chifra's ghost struggles to resist.
You feel somewhat more hungry. Chifra's ghost closely misses you.
Press: ? - help, Shift-Dir - straight line, f/p - Chifra's ghost
Aim: Chifra's ghost (severely damaged, chance to defeat MR: 73%) Chifra's ghost struggles to resist.
You feel somewhat more hungry. Chifra's ghost hits you.
You die...

########..#
..........# ######
..........###....##
#########...#.#...#
#.....#≈≈≈#
#..####≈≈≈# #..#
#≈≈≈# #.## #≈≈≈#
#.# #W@≈# ..# #≈≈≈#
#..# #≈≈≈# #..
#≈≈≈# #≈≈≈# #...#
##.#. #[...


You could see Chifra's ghost.

Vanquished Creatures
  Grinder (D:3)
  The ghost of Chifra the Ducker, an amateur DsGl (D:3)
  A big kobold (Sewer)
  A hound (D:4)
  Ijyb (D:3)
  Terence (D:2)
  Robin (D:3)
  6 adders
  2 river rats (Sewer)
  3 oozes
  2 worms (D:2)
  3 dart slugs
  7 leopard geckos
  An orc (D:3)
  5 bats
  4 giant cockroaches
  15 goblins
  10 hobgoblins
  6 jackals
  A ball python skeleton (D:4)
  2 frilled lizards
  9 kobolds
  7 rats
90 creatures vanquished.

Notes
Turn   | Place    | Note
-------+----------+-------------------------------------------
     0 | Abyss:1  | Gargoyl the Ghoul Abyssal Knight began the quest for the Orb.
     0 | Abyss:1  | Reached XP level 1. HP: 19/19 MP: 1/1
     0 | Abyss:1  | Found a corrupted altar of Lugonu.
    60 | Abyss:2  | Noticed a small abomination
    64 | Abyss:2  | Noticed a ynoxinul
    68 | D:1      | Escaped the Abyss
   249 | D:1      | Reached * piety under Lugonu
   249 | D:1      | Reached XP level 2. HP: 22/26 MP: 2/2
   844 | D:2      | Noticed Terence
   872 | D:2      | Killed Terence
   872 | D:2      | Reached skill level 1 in Dodging
   872 | D:2      | Reached XP level 3. HP: 26/33 MP: 3/3
  1211 | D:2      | Reached XP level 4. HP: 28/40 MP: 4/4
  1874 | D:3      | Noticed Ijyb
  1886 | D:3      | Killed Ijyb
  1886 | D:3      | Reached XP level 5. HP: 46/46 MP: 5/5
  1968 | D:3      | Noticed Robin
  1987 | D:3      | Reached ** piety under Lugonu
  2007 | D:3      | Killed Robin
  2167 | D:3      | Noticed Chifra's ghost (amateur DsGl)
  2198 | D:3      | Killed Chifra's ghost
  2198 | D:3      | Reached XP level 6. HP: 47/53 MP: 7/7
  2281 | D:3      | Noticed Grinder
  2294 | D:3      | Paralysed by Grinder for 2 turns
  2304 | D:3      | Paralysed by Grinder for 6 turns
  2328 | D:3      | Killed Grinder
  2328 | D:3      | Reached XP level 7. HP: 42/60 MP: 8/8
  3257 | D:4      | Found a glowing drain.
  3263 | D:4      | Reached *** piety under Lugonu
  3278 | D:4      | Noticed Chifra's ghost (amateur DsFi)
  3282 | Sewer    | Entered a sewer
  3398 | Sewer    | Found a glowing silver altar of Zin.
  3498 | D:4      | Slain by Chifra's ghost

Skill      XL: |  1  2  3  4  5  6  7 |
---------------+----------------------+-----
Armour         | 2 3 4 |  4.2
Fighting       | 4 |  4.6
Axes           | 2 3 4 |  4.5
Dodging        | 1 |  1.4
Invocations    | 3 |  3.8

Action                   |  1- 3 |  4- 6 |  7- 9 || total
-------------------------+-------+-------+-------++-------
Melee: Hand axe          |    77 |   158 |   116 ||   351
Invok: Depart the Abyss  |     1 |       |       ||     1
       Banish            |       |       |     2 ||     2
  Use: Scroll            |     6 |     2 |     1 ||     9
       Potion            |     5 |     1 |     5 ||    11
 Stab: Invisible         |     1 |       |     1 ||     2
  Eat: Chunk             |     9 |    21 |    11 ||    41
Armor: Leather armour    |     8 |       |       ||     8
       Scale mail        |     7 |    70 |    45 ||   122
Dodge: Dodged            |    47 |    77 |    61 ||   185
Block: Other             |       |    15 |    11 ||    26
